Arrhythmia, chaotic female vampiric Convict -------------- ---------------- ---------- -............| $$ |..............| |.........#########|............| $$ |..............[#####.........| #.............| |............[.| # # |.....{..| |............| |............%.%%# ##|.........# -------------- ---.---------.-- ---------- ## ## # $ # ##[% #%#########[#)############ ------- ########## ---.------#############0## |.....| ----------.-- |..<......######## ---.---- #-.....| |............############# |........| # |.>@_...######|.....| |...........| # |........| ###|......| ------- |.......<...| ##|........| #.......| |...........| ---------- -------- ------------- Arrhythmia the Jail-bird Experience level: 8 Strength: 18 Dexterity: 12 Constitution: 19 Intelligence: 12 Wisdom: 8 Charisma: 6 Health: 91(91) Energy: 53(53) AC: 10 Gold: 0 Moves: 3810 Your Inventory: Weapons c - an uncursed [+2] runed broadsword [of hunger (elven)] i - an uncursed [+0] runed dagger [of frost (elven)] n - an [uncursed] rustproof [+0] broadsword named Luck Blade [Luck Blade] Armor a - an [uncursed] +0 elven mithril-coat b - an uncursed +0 striped shirt e - an [uncursed] +0 blue and green shield [elven] g - an [uncursed] +0 leather hat [elven leather helm] k - a blessed +2 ring mail of fire resistance E - a blessed +1 cloak of invisibility and reflection O - a cursed -1 pair of speed boots Comestibles K - an uncursed Hot Futa Mare Dick named Lucky charm Tools f - an [uncursed] blindfold Spells known in the end: Name Level Category Fail Memory a - remove curse 3 clerical 100% [||||||||] b - detect monsters 1 divination 19% [||||||||] Your skills at the end: Fighting Skills Weapon Skills sling [Basic / Skilled] Spellcasting Skills Final Attributes: You were piously aligned. Hunger level was 894. Your alignment was 28 / 29. Monster difficulty range was 1 - 8. Level difficulty was 9. You were immune to poison. You were immune to level-drain. You were immune to sickness. You could fly. You could survive without air. You regenerated. You were lucky (4). You had extra luck. Bad luck did not time out for you. Good luck did not time out for you. You survived. Vanquished creatures: a large dog a leocrotta 2 leprechauns a giant spider 4 Green-elves a gnome mummy an ape a Woodland-elf 13 Mordor orcs an enormous rat a shrieker a gray ooze a straw golem 2 wax golems 2 giant ants a little dog a homunculus 3 hill orcs 6 orc zombies a wererat 2 iguanas 3 acid blobs 7 coyotes 2 gas spores 2 hobbits 2 manes 5 giant rats 3 cave spiders a brown mold a gnome 2 geckos 8 jackals a fox a goblin a sewer rat 3 grid bugs 9 lichens 2 kobold zombies 10 newts 110 creatures vanquished. Voluntary challenges: You went without food. You never hit with a wielded weapon. You read items or engraved 18 times. You put on armor 20 times. You never genocided any monsters. You never polymorphed an object. You changed form 1 time. You used no wishes. You abstained from Elbereth's help. You never encountered a bones level. You never used any Sokoban shortcuts. Dungeon overview: The Dungeons of Doom: levels 1 to 10 Level 1 an altar to Tymora a long staircase Level 4 a long staircase Level 5 a fountain, a sink Level 7 some fountains Level 8 many fountains Level 9 <- You were here an altar to Tymora, a fountain stairs to Sokoban Level 10 a temple Sokoban: Level 8 a magic chest stairs to The Dungeons of Doom History has recorded: On T:1 you entered the Dungeons of Doom to retrieve the Amulet of Yendor! On T:426 you advanced to experience level 2. On T:487 you advanced to experience level 3. On T:501 you advanced to experience level 4. On T:762 you reached level 2 of The Dungeons of Doom. On T:1226 you advanced to experience level 5. On T:1753 you reached level 3 of The Dungeons of Doom. On T:2122 you reached level 4 of The Dungeons of Doom. On T:2132 you advanced to experience level 6. On T:2441 you reached level 5 of The Dungeons of Doom. On T:2578 you reached level 6 of The Dungeons of Doom. On T:2689 you advanced to experience level 7. On T:2789 you reached level 7 of The Dungeons of Doom. On T:2985 you reached level 8 of The Dungeons of Doom. On T:3129 you reached level 9 of The Dungeons of Doom. On T:3145 you advanced to experience level 8. On T:3417 you received Luck Blade from Tymora. On T:3510 you reached level 3 of Sokoban. On T:3555 you reached level 10 of The Dungeons of Doom. Latest messages: You begin praying to Tymora. You are surrounded by a shimmering light. You finish your prayer. You feel that Tymora is well-pleased. Your stomach feels content. Your shape becomes uncertain. You return to vampiric form! [HP+70=91] [3 turns] n - a rustproof broadsword named Luck Blade. e - a +0 blue and green shield. E - a blessed +1 cloak of invisibility and reflection. a - a +0 elven mithril-coat. g - a +0 leather hat. O - a cursed -1 pair of speed boots. b - an uncursed +0 striped shirt. c - an uncursed magical runed broadsword. i - an uncursed magical runed dagger. k - a blessed +2 ring mail of fire resistance. Final status: Goodbye Arrhythmia the Convict... You quit in The Dungeons of Doom on dungeon level 9 with 5174 points, and 0 pieces of gold, after 3810 moves. You were level 8 with a maximum of 91 hit points when you quit.